AoeStats
← David

Arena

510178115Analyzed
2v2 RM · 3d ago on Sep 29, 2026· 41m 9s· 4 players
Game mode
Random Map
Map size
Medium (4 player)
Population
200
Speed
Normal
Resources
Standard
Victory
Conquest
Starting age
Dark Age
Ending age
Imperial Age
RankedLock teamsTeams togetherTeam positionsShared explorationLock speedFull tech treeHidden civsTurbo modeCheats
Victory
Defeat
🇷🇴 Malay · Romania
730
+13
🇷🇴 Goths · Romania
727
+13
🇩🇪 Bulgarians · Germany
670
-13
🇸🇪 Magyars · Sweden
654
-13
GnagetUrdal
17:45 Feudal Age
16:04 Loom
19:46 Wheelbarrow
18:58 Town Watch
20:35 Double-Bit Axe
22:41 Horse Collar
23:00 Man-at-Arms
maioo
6:37 Loom
14:05 Feudal Age
14:53 Double-Bit Axe
14:51 Horse Collar
17:03 Arson
17:52 Scale Mail Armor
18:02 Forging
23:34 Castle Age
24:34 Squires
24:20 Gambesons
26:24 Chain Mail Armor
26:44 Iron Casting
28:24 Pikeman
35:50 Bow Saw
36:29 Wheelbarrow
42:25 Imperial Age
40:16 Hand Cart
40:33 Heavy Plow
40:22 Town Watch
41:18 Stone Mining
41:27 Gold Mining
David
3:55 Loom
9:57 Feudal Age
16:01 Castle Age
17:59 Double-Bit Axe
21:24 Bow Saw
22:31 Scale Mail Armor
25:19 Man-at-Arms
25:55 Stone Mining
27:15 Wheelbarrow
27:48 Chain Mail Armor
27:40 Long Swordsman
28:43 Squires
29:35 Hand Cart
33:43 Forging
33:24 Fletching
33:43 Murder Holes
35:35 Horse Collar
38:26 Iron Casting
37:47 Bodkin Arrow
38:02 Heavy Plow
42:06 Imperial Age
40:26 Town Watch
40:37 Gold Mining
Naxeete
12:12 Feudal Age
10:52 Loom
13:14 Double-Bit Axe
13:54 Horse Collar
17:53 Castle Age
20:30 Bow Saw
22:58 Forging
29:24 Caravan
34:18 Iron Casting
33:35 Fletching
36:01 Stone Mining
36:02 Gold Mining
40:32 Heavy Plow
41:01 Bodkin Arrow
41:08 Padded Archer Armor
41:15 Scale Barding Armor
41:53 Ballistics
41:29 Murder Holes
41:45 Masonry
Connection lost

Rejoining the realm…

Still unreachable

The connection could not be restored.

Session expired

The server has moved on; the page needs a fresh start.